[Event "53rd Indian Junior Open-ch 2024"]
[Site "Karnal"]
[Date "2024.09.23"]
[Round "10.2"]
[White "Sourath Biswas"]
[Black "Bhattacharyya Soham"]
[Result "1/2-1/2"]
[ECO "A48"]
[WhiteElo "2305"]
[BlackElo "2425"]
[Annotator "TA"]
[PlyCount "121"]
[EventDate "2024.09.16"]
[EventType "swiss"]
[EventCountry "IND"]
[SourceTitle "playchess.com"]
[Source "ChessBase"]
[SourceQuality "1"]
[TimeControl "5400+30"]

1. d4 Nf6 2. Nf3 g6 3. Nbd2 Bg7 4. e3 O-O 5. b4 d6 6. Be2 {[%emt 0:00:29] A48: 1 d4 Nf6 2 Nf3 g6: Torre, London and Colle Systems.} Nd5 $146 ({Predecessor:} 6... c5 7. bxc5 dxc5 8. c3 b6 9. O-O Bb7 10. a4 Nbd7 11. a5 Qc7 12. Ba3 e5 {0-1 Martinez Romero,M (2462)-Almeida Quintana,O (2517) Bogota Univ Blitz op 9th 2015 (6.1)}) 7. c4 Nxb4 8. Qb3 c5 9. Bb2 a5 10. dxc5 Bxb2 11. Qxb2 dxc5 12. O-O b6 13. Rab1 Nd7 14. h4 h5 (14... Bb7 {feels hotter.} 15. Ng5 Rb8 16. Rfd1 Qc7) 15. a3 Nc6 16. Ne4 Rb8 17. Rfd1 Qc7 18. Nc3 Nf6 19. Nd5 Nxd5 (19... Qd6 $5) 20. cxd5 Na7 21. Ng5 (21. e4 {simplifies} Bd7 22. e5 Bf5 23. Qc1) 21... f6 $1 22. Ne6 Bxe6 23. dxe6 Nc8 24. Rd7 Qc6 (24... Qe5 $11) 25. Bf3 $1 $16 Qa4 (25... Qxe6 $2 26. Bd5 $18) 26. g3 Kg7 (26... b5 $16) 27. Rc7 $2 (27. Rc1 $1 $18 ) 27... Qc4 $11 28. Rc1 Qxe6 29. R1xc5 Rd8 {[%emt 0:07:55] [#]} (29... Nd6 $11 30. R5c6 Rfc8) 30. R5c6 (30. Rg5 $1 $16) 30... Rd6 $11 31. Qc3 Rxc6 32. Rxc6 Nd6 33. Qd4 Qe5 34. Qa4 Nf5 35. Kg2 Rd8 36. Qc2 (36. Rxb6 Nxe3+ (36... Rd2 $2 37. Qf4 $19) 37. Kh2 Rd2 $19) 36... b5 (36... a4 $1 $15 {is more appropriate.}) 37. Rc5 $11 Rd2 38. Qxd2 Qxc5 39. Qxa5 Qc2 (39... Nd6 $11 {remains equal.}) 40. Qa7 $16 Kf8 {[%emt 0:02:19] [#]} 41. Qa8+ ({But not} 41. e4 $6 Nd6 $11) (41. Qb8+ $1 $16 Kg7 42. Qa7 (42. Qxb5 Nxe3+ 43. Kg1 Ng4 $16)) 41... Kg7 $11 42. Be4 Nxe3+ 43. Kf3 $1 Qc1 44. Qe8 (44. fxe3 $2 Qf1#) 44... Nf5 45. Kg2 Qxa3 46. Bxf5 $1 gxf5 47. Qxb5 Qa8+ 48. Kg1 Qa1+ 49. Kg2 Qe5 50. Qe8 Qe4+ 51. Kg1 Qe2 52. Kg2 f4 53. gxf4 Qg4+ 54. Kf1 Qd1+ 55. Kg2 Qg4+ 56. Kf1 e6 57. f5 Qc4+ 58. Kg1 Qg4+ 59. Kf1 Qc4+ 60. Kg1 Qg4+ 61. Kf1 1/2-1/2

[Event "53rd Indian Junior Open-ch 2024"]
[Site "Karnal"]
[Date "2024.09.23"]
[Round "10.3"]
[White "Mukund Hemant Agarwal"]
[Black "Madhvendra Pratap Sharma"]
[Result "0-1"]
[ECO "C06"]
[WhiteElo "2073"]
[BlackElo "2061"]
[Annotator "RC"]
[PlyCount "90"]
[EventDate "2024.09.16"]
[EventType "swiss"]
[EventCountry "IND"]
[SourceTitle "playchess.com"]
[Source "ChessBase"]
[SourceQuality "1"]
[TimeControl "5400+30"]

1. e4 e6 2. d4 d5 3. Nd2 Be7 4. Ngf3 Nf6 5. Bd3 c5 6. e5 Nfd7 7. c3 Nc6 8. O-O a5 9. Re1 cxd4 10. cxd4 Qb6 11. Qa4 g5 12. h3 h5 13. g4 hxg4 14. hxg4 f5 15. exf6 Nxf6 16. Ne5 Qxd4 17. Qxd4 Nxd4 18. Nb3 Nc6 19. f3 Nxe5 20. Rxe5 Kf7 21. Rxg5 Nd7 22. Rh5 Rxh5 23. gxh5 Ne5 24. Be2 Bd7 25. Be3 Rg8+ 26. Kh1 a4 27. Nd2 Bc6 28. Bd4 Bf6 29. f4 Nd3 30. Bxf6 d4+ 31. Bf3 Kxf6 32. Bxc6 bxc6 33. Rf1 Nxb2 34. Ne4+ Ke7 35. Rc1 Rg4 36. Rxc6 d3 37. Rc7+ Kd8 38. Rb7 a3 39. Nc5 Kc8 40. Rb4 d2 41. Rd4 d1=Q+ 42. Rxd1 Nxd1 43. Nxe6 Kd7 44. Nf8+ Ke7 45. Ng6+ Kf6 0-1

[Event "53rd Indian Junior Open-ch 2024"]
[Site "Karnal"]
[Date "2024.09.23"]
[Round "10.4"]
[White "Manish Anto Cristiano F"]
[Black "Vyom Malhotra"]
[Result "1/2-1/2"]
[ECO "E11"]
[WhiteElo "2364"]
[BlackElo "1960"]
[Annotator "RC"]
[PlyCount "120"]
[EventDate "2024.09.16"]
[EventType "swiss"]
[EventCountry "IND"]
[SourceTitle "playchess.com"]
[Source "ChessBase"]
[SourceQuality "1"]
[TimeControl "5400+30"]

1. d4 Nf6 2. c4 e6 3. Nf3 Bb4+ 4. Nbd2 O-O 5. a3 Bxd2+ 6. Qxd2 a5 7. Qc2 d6 8. Bg5 Qe7 9. e3 e5 10. Be2 a4 11. O-O h6 12. Bh4 Bg4 13. h3 Bh5 14. dxe5 dxe5 15. Qf5 Bxf3 16. Bxf3 Nc6 17. Be4 Qe6 18. Qxe6 fxe6 19. Bxc6 bxc6 20. Bg3 Ra5 21. f3 Rb8 22. Be1 Rc5 23. Rc1 Nd5 24. e4 Nb6 25. Rf2 Rxc4 26. Rfc2 Rxc2 27. Rxc2 Kf7 28. Rxc6 Rb7 29. Bc3 Nd7 30. Kf2 Ra7 31. Ke2 Nb8 32. Rc4 Nd7 33. Bb4 c5 34. Bd2 Ke7 35. Kd3 Kd6 36. Be3 Kc6 37. Kc2 Kb5 38. Rc3 Rc7 39. Rd3 Kc6 40. b3 axb3+ 41. Rxb3 Nb6 42. Rc3 Kb5 43. Rd3 Rc8 44. Bc1 Kc6 45. f4 exf4 46. Bxf4 Rf8 47. Rd6+ Kb5 48. g3 e5 49. Bc1 Rf2+ 50. Kd1 Na4 51. Bd2 Nb2+ 52. Ke1 Rh2 53. Rd5 Rxh3 54. Bc3 Na4 55. Bxe5 g5 56. Kf2 Rh2+ 57. Kf3 Ra2 58. Bg7 Nb6 59. Rf5 Rxa3+ 60. Kf2 Ra2+ 1/2-1/2

[Event "53rd Indian Junior Open-ch 2024"]
[Site "Karnal"]
[Date "2024.09.23"]
[Round "10.5"]
[White "Jaiveer Mahendru"]
[Black "Shah Moxit J"]
[Result "1-0"]
[ECO "B08"]
[WhiteElo "2246"]
[BlackElo "1952"]
[Annotator "RC"]
[PlyCount "69"]
[EventDate "2024.09.16"]
[EventType "swiss"]
[EventCountry "IND"]
[SourceTitle "playchess.com"]
[Source "ChessBase"]
[SourceQuality "1"]
[TimeControl "5400+30"]

1. e4 d6 2. d4 Nf6 3. Nc3 g6 4. Nf3 Bg7 5. Be3 O-O 6. Qd2 c6 7. Bh6 b5 8. Bd3 Nbd7 9. h4 Bxh6 10. Qxh6 Ng4 11. Qd2 h5 12. Ne2 e5 13. c3 a6 14. Ng5 Kg7 15. f3 Ngf6 16. O-O-O Qa5 17. Kb1 Rb8 18. g4 Rh8 19. gxh5 Nxh5 20. f4 c5 21. fxe5 dxe5 22. Rdf1 Rf8 23. Rhg1 cxd4 24. Nxf7 Ndf6 25. Nxe5 Ng4 26. Rxf8 Nxe5 27. Qg5 Kxf8 28. Qxe5 Rb7 29. Qh8+ Ke7 30. Nxd4 Bd7 31. Rxg6 b4 32. Re6+ Kf7 33. Re5 Qa4 34. Qxh5+ Kf8 35. Qh6+ 1-0

[Event "53rd Indian Junior Open-ch 2024"]
[Site "Karnal"]
[Date "2024.09.23"]
[Round "10.6"]
[White "Jihan Tejas Shah"]
[Black "Agnivo Chakraborty"]
[Result "1-0"]
[ECO "D08"]
[WhiteElo "2089"]
[BlackElo "1943"]
[Annotator "RC"]
[PlyCount "121"]
[EventDate "2024.09.16"]
[EventType "swiss"]
[EventCountry "IND"]
[SourceTitle "playchess.com"]
[Source "ChessBase"]
[SourceQuality "1"]
[TimeControl "5400+30"]

1. d4 d5 2. c4 e5 3. dxe5 d4 4. Nf3 Nc6 5. a3 Nge7 6. b4 Ng6 7. Bb2 a5 8. b5 Ncxe5 9. Nxe5 Nxe5 10. Qxd4 Qxd4 11. Bxd4 Nxc4 12. e3 Be6 13. Be2 O-O-O 14. O-O Kb8 15. Rc1 Nd6 16. Nd2 b6 17. Nf3 f6 18. Bb2 Bg4 19. a4 Ne4 20. Rc2 Bxf3 21. Bxf3 Nd2 22. Be2 Bb4 23. Ra2 Nb3 24. g3 Rd6 25. Kg2 Rhd8 26. Bc4 Nc5 27. Bd4 Ne6 28. Bxe6 Rxe6 29. Rc4 c5 30. bxc6 Kc7 31. Rac2 Rb8 32. f4 b5 33. axb5 Rxb5 34. Kf3 h5 35. e4 Bd6 36. Bc5 Bxc5 37. Rxc5 Rxc5 38. Rxc5 a4 39. Rc4 Rxc6 40. Rxa4 Rc3+ 41. Kf2 g5 42. Ra6 Rc2+ 43. Ke3 gxf4+ 44. gxf4 f5 45. e5 Rc3+ 46. Kf2 h4 47. Rf6 Rc2+ 48. Ke3 Rxh2 49. Rxf5 h3 50. Rh5 Ra2 51. Ke4 h2 52. Kf5 Kd7 53. Rh7+ Ke8 54. Kf6 Kd8 55. f5 Re2 56. e6 Kc8 57. Kf7 Kc7 58. f6 Kd6 59. e7 Kd7 60. Rxh2 Re5 61. Rd2+ 1-0

[Event "53rd Indian Junior Open-ch 2024"]
[Site "Karnal"]
[Date "2024.09.23"]
[Round "10.7"]
[White "Hari Ganesh T"]
[Black "Arul Prakash N"]
[Result "1-0"]
[ECO "E05"]
[WhiteElo "2029"]
[BlackElo "1922"]
[Annotator "ChessBase"]
[PlyCount "87"]
[EventDate "2024.09.16"]
[EventType "swiss"]
[EventCountry "IND"]
[SourceTitle "playchess.com"]
[Source "ChessBase"]
[SourceQuality "1"]
[TimeControl "5400+30"]

1. d4 Nf6 2. c4 e6 3. Nf3 d5 4. g3 Be7 5. Bg2 O-O 6. O-O dxc4 7. Qc2 a6 8. a4 Bd7 9. Rd1 Bc6 10. Nc3 Nbd7 11. e4 b6 12. d5 exd5 13. e5 Ne4 14. Nxd5 Bxd5 15. Rxd5 Nec5 16. Qxc4 c6 17. Rd2 b5 18. Qg4 Qc7 19. Rd1 Ne6 20. Bd2 Rac8 21. axb5 axb5 22. Ba5 Nxe5 23. Qf5 Nxf3+ 24. Bxf3 Qb7 25. b4 Bf6 26. Ra3 Qa7 27. Be4 Ng5 28. Bc2 Qe7 29. Re3 g6 30. Qg4 Ne6 31. Bb3 Rfe8 32. Rde1 Qd7 33. Rd1 Qe7 34. h4 h5 35. Qe2 Kg7 36. Bxe6 fxe6 37. Red3 Qf7 38. Qe4 Kh7 39. Bb6 Be7 40. Rf3 Bf6 41. Rd6 Re7 42. Bd4 e5 43. Rfxf6 Qg8 44. Rxg6 1-0

[Event "53rd Indian Junior Open-ch 2024"]
[Site "Karnal"]
[Date "2024.09.23"]
[Round "10.8"]
[White "Utkrisht Tuli"]
[Black "Arshpreet Singh"]
[Result "1/2-1/2"]
[ECO "B44"]
[WhiteElo "2007"]
[BlackElo "1905"]
[Annotator "RC"]
[PlyCount "88"]
[EventDate "2024.09.16"]
[EventType "swiss"]
[EventCountry "IND"]
[SourceTitle "playchess.com"]
[Source "ChessBase"]
[SourceQuality "1"]
[TimeControl "5400+30"]

1. e4 c5 2. Nf3 Nc6 3. d4 cxd4 4. Nxd4 e6 5. Nb5 d6 6. c4 a6 7. N5c3 Nf6 8. Be2 Qc7 9. O-O Be7 10. Be3 b6 11. Na3 O-O 12. Rc1 Ne5 13. f4 Ng6 14. Qe1 Bb7 15. Bf3 Bc6 16. Nd5 Qb7 17. Nxe7+ Nxe7 18. e5 dxe5 19. fxe5 Nd7 20. Bd4 Nf5 21. Bc3 Nc5 22. Rd1 Rfd8 23. Nc2 Bxf3 24. Rxd8+ Rxd8 25. Rxf3 Qc6 26. b3 Ne4 27. h3 Ng5 28. Rf4 Rd3 29. Nb4 Qc5+ 30. Kh2 Re3 31. Qd2 Ne4 32. Qd8+ Qf8 33. Qxf8+ Kxf8 34. Bb2 Nfg3 35. Rf3 Re2 36. Ba3 Ke8 37. Rxg3 Nxg3 38. Kxg3 a5 39. Nc6 Rxa2 40. Bd6 Rd2 41. c5 Rd3+ 42. Kf4 Rxb3 43. cxb6 Rxb6 44. Nxa5 Kd7 1/2-1/2

[Event "53rd Indian Junior Open-ch 2024"]
[Site "Karnal"]
[Date "2024.09.23"]
[Round "10.9"]
[White "Nimay Agrawal"]
[Black "Rohit S"]
[Result "1/2-1/2"]
[ECO "C50"]
[WhiteElo "1960"]
[BlackElo "2309"]
[Annotator "RC"]
[PlyCount "112"]
[EventDate "2024.09.16"]
[EventType "swiss"]
[EventCountry "IND"]
[SourceTitle "playchess.com"]
[Source "ChessBase"]
[SourceQuality "1"]
[TimeControl "5400+30"]

1. e4 e5 2. Nf3 Nc6 3. Bc4 Bc5 4. d3 Nf6 5. O-O d6 6. h3 Na5 7. Bb3 Nxb3 8. axb3 Qe7 9. Nc3 a6 10. d4 Ba7 11. Re1 O-O 12. Be3 c6 13. Qd2 b5 14. dxe5 dxe5 15. Bxa7 Rxa7 16. Rad1 Rd7 17. Qe3 Rfd8 18. Rxd7 Rxd7 19. Qg5 b4 20. Na4 Qe8 21. Nb6 Re7 22. Nxc8 Qxc8 23. Nh4 Re6 24. Nf5 Qf8 25. f3 Ne8 26. Rd1 h6 27. Qg3 g6 28. Kh2 Kh7 29. Ne3 Qc5 30. Nc4 Nd6 31. Nxd6 Rxd6 32. Rxd6 Qxd6 33. Qf2 c5 34. Qe2 Qf6 35. Qc4 Qf4+ 36. Kh1 Qc1+ 37. Kh2 Qf4+ 38. Kh1 Qc1+ 39. Kh2 Kg7 40. Qxc5 Qxb2 41. Qxb4 Qxc2 42. Qa5 Qxb3 43. Qxa6 Qe3 44. Qd6 Qf4+ 45. Kg1 h5 46. Qd7 Kf6 47. Qd8+ Ke6 48. Qe8+ Kd6 49. Qd8+ Kc5 50. Qa5+ Kc4 51. Qa6+ Kc3 52. Qa5+ Kc2 53. Qa2+ Kd1 54. Qb3+ Ke2 55. Qb5+ Kd1 56. Qb3+ Kd2 1/2-1/2

[Event "53rd Indian Junior Open-ch 2024"]
[Site "Karnal"]
[Date "2024.09.23"]
[Round "10.10"]
[White "Vishal Choudary B"]
[Black "Sharnarthi Viresh"]
[Result "1-0"]
[ECO "E73"]
[WhiteElo "1937"]
[BlackElo "2147"]
[Annotator "RC"]
[PlyCount "107"]
[EventDate "2024.09.16"]
[EventType "swiss"]
[EventCountry "IND"]
[SourceTitle "playchess.com"]
[Source "ChessBase"]
[SourceQuality "1"]
[TimeControl "5400+30"]

1. d4 Nf6 2. c4 g6 3. Nc3 Bg7 4. e4 d6 5. Be2 O-O 6. h4 h5 7. Nf3 c5 8. d5 b5 9. cxb5 a6 10. a4 axb5 11. Bxb5 Ba6 12. Bg5 Nbd7 13. O-O Ng4 14. Qe2 Bc8 15. Nd2 Nge5 16. Kh1 Bf6 17. f4 Ng4 18. Bxf6 Ndxf6 19. Nf3 Qa5 20. e5 Ne8 21. Bd3 Ng7 22. e6 Ba6 23. Bxa6 Qxa6 24. exf7+ Rxf7 25. Ng5 Qxe2 26. Nxe2 Rf5 27. Nc3 Ne3 28. Rf3 Nxd5 29. g3 Nc7 30. Re3 Kf8 31. Rae1 e6 32. Nb5 Nxb5 33. axb5 Rxg5 34. hxg5 Ke7 35. Ra3 Rxa3 36. bxa3 Nf5 37. b6 Nd4 38. b7 Nc6 39. f5 gxf5 40. g6 e5 41. g7 Kf7 42. Rd1 Kxg7 43. Rxd6 Nb8 44. Rd8 c4 45. Rxb8 c3 46. Rc8 c2 47. Rxc2 f4 48. b8=Q fxg3 49. Qxe5+ Kg8 50. Rc8+ Kh7 51. Qxg3 h4 52. Rc7+ Kh6 53. Qg7+ Kh5 54. Rc5# 1-0

[Event "53rd Indian Junior Open-ch 2024"]
[Site "Karnal"]
[Date "2024.09.24"]
[Round "11.1"]
[White "Madhvendra Pratap Sharma"]
[Black "Adireddy Arjun"]
[Result "0-1"]
[ECO "B40"]
[WhiteElo "2061"]
[BlackElo "2343"]
[Annotator "TA"]
[PlyCount "122"]
[EventDate "2024.09.16"]
[EventType "swiss"]
[EventCountry "IND"]
[SourceTitle "playchess.com"]
[Source "ChessBase"]
[SourceQuality "1"]
[TimeControl "5400+30"]

1. e4 c5 2. Nf3 e6 3. b3 d5 4. exd5 exd5 5. Bb5+ Nc6 6. O-O Bd6 7. Bb2 Nf6 8. Re1+ {[%emt 0:03:59] The position is equal.} Be6 9. Be5 O-O 10. Bxc6 bxc6 11. h3 Re8 12. d3 Nh5 13. Nc3 Bxe5 14. Nxe5 Qg5 15. Qf3 Nf4 16. Qg3 Qf6 17. Ne2 $1 (17. Nxc6 $2 Bxh3 $17 (17... Qxc3 18. Qxf4 Bxh3 19. Ne5 $11) (17... Qxc3 18. Qxf4 Bxh3 19. Rxe8+ Rxe8 20. Rc1 $11)) 17... Nh5 18. Ng4 $2 {[%emt 0:01:21] Loses the game.} Qxa1 $19 19. Rxa1 Nxg3 20. Nxg3 f5 21. Nh2 f4 22. Ne2 {[%emt 0:00:34] [#]} Bxh3 $1 23. Nxf4 Bf5 24. Kf1 g5 25. Nh5 Re6 {[%emt 0:01:08] Repels Nf6+} 26. Ng3 Bg6 27. Nf3 h6 28. a3 a5 29. Re1 Rxe1+ 30. Kxe1 {[%emt 0:00:13][%mdl 4096] Endgame. KRB-KNN} a4 31. bxa4 Kg7 32. Kd2 Rxa4 33. Ne5 Be8 34. Nf1 Kf6 35. Nf3 Rxa3 36. Ne3 h5 37. g3 Bd7 38. d4 cxd4 39. Nxd4 h4 {[%emt 0:00:37] [#] And now ...h3 would win.} 40. gxh4 gxh4 41. f4 h3 {[%emt 0:00:34] ( -> ...h2)} 42. Nf1 Ra1 43. Nh2 c5 44. Ne2 Rh1 {[%emt 0:00:18] Black mates.} 45. Nf3 Bg4 46. Ne5 Bxe2 47. Kxe2 {[%emt 0:00:00] KR-KN} h2 48. Kf2 Rg1 49. Nf3 h1=Q 50. Nxg1 Qh2+ 51. Kf1 Qxc2 52. Nf3 d4 53. Ne1 Qd2 54. Nf3 Qxf4 55. Kg2 d3 56. Ng1 d2 57. Nh3 Qg4+ 58. Kh1 d1=Q+ 59. Kh2 Qc2+ 60. Nf2 Qxf2+ 61. Kh1 Qgg2# {[%emt 0:00:05] Weighted Error Value: White=0.47/Black=0.01 (flawless) .  Loses game:     	White=1     	---        Inaccurate:     	White=2     	---        OK:         	White=10    	Black=22     Best:        	---       	Black=3      Strong:       	White=1     	---} 0-1

[Event "53rd Indian Junior Open-ch 2024"]
[Site "Karnal"]
[Date "2024.09.24"]
[Round "11.4"]
[White "Sourath Biswas"]
[Black "Hari Ganesh T"]
[Result "1-0"]
[ECO "D05"]
[WhiteElo "2305"]
[BlackElo "2029"]
[Annotator "RC"]
[PlyCount "79"]
[EventDate "2024.09.16"]
[EventType "swiss"]
[EventCountry "IND"]
[SourceTitle "playchess.com"]
[Source "ChessBase"]
[SourceQuality "1"]
[TimeControl "5400+30"]

1. d4 Nf6 2. Nf3 d5 3. e3 e6 4. Bd3 c5 5. b3 Nc6 6. Bb2 Bd6 7. Nbd2 O-O 8. O-O b6 9. dxc5 Bxc5 10. a3 a5 11. Qe2 Bb7 12. Rfd1 Re8 13. e4 Rc8 14. e5 Nd7 15. c4 Bf8 16. cxd5 exd5 17. Bf5 g6 18. Bh3 Bg7 19. Nc4 Rc7 20. Nd6 Ndxe5 21. Nxe8 Qxe8 22. Nxe5 Nxe5 23. Bd4 Re7 24. Qd2 Qc6 25. f4 Nd7 26. Re1 Bxd4+ 27. Qxd4 Qc5 28. Qxc5 Rxe1+ 29. Rxe1 Nxc5 30. Re8+ Kg7 31. Rb8 Ba6 32. Rxb6 Be2 33. Kf2 Bd1 34. b4 Ne4+ 35. Ke3 axb4 36. Rxb4 Nd6 37. Kd4 Nc4 38. a4 Nd6 39. Kxd5 Ne8 40. Kc6 1-0

[Event "53rd Indian Junior Open-ch 2024"]
[Site "Karnal"]
[Date "2024.09.24"]
[Round "11.5"]
[White "Khadanga Omm Aditya"]
[Black "Manish Anto Cristiano F"]
[Result "0-1"]
[ECO "A00"]
[WhiteElo "1791"]
[BlackElo "2364"]
[Annotator "RC"]
[PlyCount "78"]
[EventDate "2024.09.16"]
[EventType "swiss"]
[EventCountry "IND"]
[SourceTitle "playchess.com"]
[Source "ChessBase"]
[SourceQuality "1"]
[TimeControl "5400+30"]

1. Nc3 c5 2. Nf3 Nc6 3. d4 cxd4 4. Nxd4 Nf6 5. Bg5 e6 6. Nxc6 bxc6 7. Ne4 Be7 8. Nd6+ Kf8 9. Nxc8 Rxc8 10. Bxf6 Bxf6 11. c3 d5 12. e3 Rb8 13. Rb1 Qa5 14. a3 g6 15. Bd3 Kg7 16. O-O Rb7 17. Qc1 Qc7 18. b4 c5 19. f4 a5 20. e4 axb4 21. axb4 cxb4 22. cxb4 Qb6+ 23. Kh1 Rc7 24. Qd1 dxe4 25. Bxe4 Rd8 26. Qe2 Rd4 27. b5 Rcc4 28. Bc6 Rxf4 29. Rxf4 Rxf4 30. Rf1 Rxf1+ 31. Qxf1 Qe3 32. g3 Bd4 33. Kg2 Qd2+ 34. Kh3 f5 35. Qf4 Qd1 36. Qc7+ Kh6 37. Qe7 Qg4+ 38. Kg2 Qe2+ 39. Kh3 g5 0-1

[Event "53rd Indian Junior Open-ch 2024"]
[Site "Karnal"]
[Date "2024.09.24"]
[Round "11.6"]
[White "Vyom Malhotra"]
[Black "Gawai Siddhant"]
[Result "1/2-1/2"]
[ECO "B06"]
[WhiteElo "1960"]
[BlackElo "2131"]
[Annotator "ChessBase"]
[PlyCount "128"]
[EventDate "2024.09.16"]
[EventType "swiss"]
[EventCountry "IND"]
[SourceTitle "playchess.com"]
[Source "ChessBase"]
[SourceQuality "1"]
[TimeControl "5400+30"]

1. e4 g6 2. d4 Bg7 3. Nc3 d6 4. Nf3 a6 5. Bg5 Bg4 6. Be2 Nc6 7. d5 Bxf3 8. Bxf3 Nd4 9. O-O c5 10. dxc6 bxc6 11. Be3 Nxf3+ 12. Qxf3 Qc7 13. Rfe1 Rb8 14. Rab1 Nf6 15. Bd4 e5 16. Be3 O-O 17. Red1 a5 18. Bg5 Ne8 19. Qd3 f5 20. f3 Rf7 21. a3 Bf8 22. Kh1 h6 23. Be3 fxe4 24. fxe4 Nf6 25. b4 axb4 26. axb4 Kg7 27. Rf1 Rd8 28. Ra1 Qe7 29. b5 cxb5 30. Qxb5 Qe6 31. Qd3 Be7 32. Qd2 g5 33. Qd3 Rdf8 34. Ne2 Nh5 35. Rxf7+ Rxf7 36. Ng3 Nxg3+ 37. hxg3 Qg4 38. Kh2 h5 39. Bb6 h4 40. gxh4 Qxh4+ 41. Kg1 Rf6 42. Rf1 Rh6 43. Rf5 g4 44. Kf1 g3 45. Qf3 d5 46. Be3 dxe4 47. Bxh6+ Kxh6 48. Qb3 Qh1+ 49. Ke2 Qxg2+ 50. Ke1 Bg5 51. Qe6+ Kh5 52. Qf7+ Kg4 53. Rxg5+ Kxg5 54. Qg7+ Kf5 55. Qf7+ Kg4 56. Qg6+ Kf3 57. Qf5+ Ke3 58. Qg5+ Kd4 59. Qd8+ Kc3 60. Qc7+ Kb2 61. Qxe5+ Kxc2 62. Qc5+ Kb2 63. Qb4+ Ka1 64. Qa4+ Kb2 1/2-1/2

[Event "53rd Indian Junior Open-ch 2024"]
[Site "Karnal"]
[Date "2024.09.24"]
[Round "11.7"]
[White "Kushal O"]
[Black "Utkrisht Tuli"]
[Result "1/2-1/2"]
[ECO "D02"]
[WhiteElo "2130"]
[BlackElo "2007"]
[Annotator "RC"]
[PlyCount "47"]
[EventDate "2024.09.16"]
[EventType "swiss"]
[EventCountry "IND"]
[SourceTitle "playchess.com"]
[Source "ChessBase"]
[SourceQuality "1"]
[TimeControl "5400+30"]

1. d4 d5 2. Nf3 e6 3. Bf4 Nf6 4. e3 c5 5. c3 Bd6 6. Bd3 Qc7 7. Bxd6 Qxd6 8. Ne5 O-O 9. Nd2 b6 10. f4 Ba6 11. Bxa6 Nxa6 12. g4 Nd7 13. g5 Nxe5 14. fxe5 Qe7 15. Qh5 Rfc8 16. O-O Qe8 17. Rf3 f5 18. Qh4 Qe7 19. Nf1 Nb8 20. Ng3 Kh8 21. Kh1 Kg8 22. Kg1 Kh8 23. Kh1 Kg8 24. Kg1 1/2-1/2

[Event "53rd Indian Junior Open-ch 2024"]
[Site "Karnal"]
[Date "2024.09.24"]
[Round "11.8"]
[White "Arshpreet Singh"]
[Black "Mukund Hemant Agarwal"]
[Result "1-0"]
[ECO "B22"]
[WhiteElo "1905"]
[BlackElo "2073"]
[Annotator "RC"]
[PlyCount "117"]
[EventDate "2024.09.16"]
[EventType "swiss"]
[EventCountry "IND"]
[SourceTitle "playchess.com"]
[Source "ChessBase"]
[SourceQuality "1"]
[TimeControl "5400+30"]

1. e4 c5 2. c3 d5 3. exd5 Qxd5 4. Nf3 Nf6 5. d4 e6 6. Na3 Nc6 7. Be3 cxd4 8. Nb5 Qd7 9. Nbxd4 a6 10. Nxc6 Qxc6 11. Ne5 Qc7 12. Qa4+ Nd7 13. Nxd7 Bxd7 14. Qc4 Qxc4 15. Bxc4 Rc8 16. Bd3 Bc5 17. Ke2 Bxe3 18. Kxe3 Bc6 19. c4 Ke7 20. b4 Bxg2 21. Rhg1 Bh3 22. Rxg7 Bf5 23. Bxf5 exf5 24. Kd4 Kf6 25. Rg3 Rhe8 26. Re3 Red8+ 27. Kc3 Rd7 28. Rb1 Rdc7 29. c5 b6 30. a4 a5 31. Kb3 bxc5 32. b5 Rd7 33. Rc1 Rd2 34. Rc2 Rd4 35. Rc4 Rd2 36. Rf3 Ke6 37. Rcf4 Rd4 38. Rxf5 Rb4+ 39. Kc3 Rc7 40. Rf6+ Ke5 41. R6f5+ Ke6 42. R5f4 Ke5 43. Rf5+ Ke6 44. R5f4 Ke5 45. Rc4 f5 46. Re3+ Kd5 47. Rd3+ Ke5 48. f4+ Ke6 49. Re3+ Kd6 50. Re5 Rb1 51. Rxf5 Re7 52. Rfxc5 Re3+ 53. Kd4 Ree1 54. Rd5+ Ke6 55. Rc6+ Kf7 56. Rd7+ Ke8 57. Rxh7 Rb4+ 58. Kc5 Rc1+ 59. Kb6 1-0